 Dungeon Crawl Stone Soup version 0.32-a0-377-g951292165a (webtiles) character file.

Game seed: 8955341255305875491

15108 krystol the Cleaver (level 11, -8/102 HPs)
             Began as a Minotaur Fighter on Apr 19, 2023.
             Was a High Priest of Okawaru.
             Mangled by a boulder beetle (21 damage)
             ... on level 1 of the Lair of Beasts on Feb 19, 2024.
             The game lasted 00:42:37 (10516 turns).

krystol the Cleaver (Minotaur Fighter)             Turns: 10516, Time: 00:42:37

Health: -8/102     AC: 19    Str: 26    XL:     11   Next: 97%
Magic:  11/11      EV:  7    Int:  5    God:    Okawaru [*****.]
Gold:   733        SH: 12    Dex: 15    Spells: 10/10 levels left

rFire   . . .        U - +1 war axe (freeze)
rCold   . . .        H - +0 kite shield
rNeg    . . .        q - +1 plate armour
rPois   +            (helmet restricted)
rElec   .            (no cloak)
rCorr   .            (no gloves)
SInv    .            G - +2 pair of boots
Will    .....        (no amulet) Stlth
                     j - ring of poison resistance
HPRegen 0.37/turn    w - +6 ring of dexterity
MPRegen 0.12/turn

%: no passive effects
@: no status effects
A: horns 2, retaliatory headbutt
a: Renounce Religion, Heroism, Finesse, Duel


You were on level 1 of the Lair of Beasts.
You worshipped Okawaru.
Okawaru was extremely pleased with you.
You visited 2 branches of the dungeon, and saw 11 of its levels.
You also visited: Sewer, Ossuary and Bailey.

You collected 767 gold pieces.
You spent 34 gold pieces at shops.

Inventory:

Hand Weapons
 o - a +3 hand axe of draining
   (You took it off an orc on level 2 of the Dungeon)
 s - a +2 whip of flaming
   (You took it off Pikel on level 7 of the Dungeon)
 z - a +2 heavy morningstar
   (You took it off an orc on level 4 of the Dungeon)
 M - a +0 broad axe
   (You found it on level 9 of the Dungeon)
 P - a +3 scimitar of flaming
   (You took it off Erica on level 9 of the Dungeon)
 U - a +1 war axe of freezing (weapon)
   (You found it on level 10 of the Dungeon)
Missiles
 e - 6 atropa-tipped darts (quivered)
 r - 10 curare-tipped darts {!f}
 S - 2 silver javelins
Armour
 c - a +0 buckler
 q - a +1 plate armour (worn)
   (You found it on level 3 of the Dungeon)
 G - a +2 pair of boots (worn)
   (You found it on level 8 of the Dungeon)
 H - a +0 kite shield (worn)
   (You found it on level 8 of the Dungeon)
 O - an orb of guile
   (You found it on level 9 of the Dungeon)
Magical Staves
 T - the staff "Giantbane" {rC+ Int+3 Ice}
   (You found it on level 10 of the Dungeon)

   [staff of cold]

   Base accuracy: +5 Base damage: 5 Base attack delay: 1.2 This weapon's minimum
   attack delay (0.6) is reached at skill level 12.
   Int+3:     It affects your intelligence (+3).
   rC+:       It protects you from cold.
   Ice:       It increases the power of your Ice spells.
   It falls into the 'Staves' category.
   It is a one-handed weapon.
Jewellery
 j - a ring of poison resistance (left hand)
   (You found it on level 1 of the Dungeon)
 w - a +6 ring of dexterity (right hand)
   (You found it on level 4 of the Dungeon)
 y - the ring "Aruumexi" {Fire rPois}
   (You found it on level 6 of the Dungeon)

   [ring of fire]

   Fire:      It enhances your fire magic.
   rF+:       It protects you from fire.
   rC-:       It makes you vulnerable to cold.
   rPois:     It protects you from poison
 E - a ring of positive energy
   (You found it on level 4 of the Dungeon)
Wands
 u - a wand of paralysis (4)
   (You found it on level 10 of the Dungeon)
 x - a wand of roots (7)
   (You took it off Ijyb on level 4 of the Dungeon)
 B - a wand of polymorph (7)
   (You found it on level 8 of the Dungeon)
Scrolls
 f - 2 scrolls of revelation
 g - a scroll of blinking
 k - 6 scrolls of enchant armour
 n - 8 scrolls of teleportation {unknown}
 p - 3 scrolls of noise {!r}
 v - 2 scrolls of fog
 C - a scroll of poison {!r}
 D - 2 scrolls of fear
 J - 3 scrolls of enchant weapon
 K - 3 scrolls of summoning
 L - 4 scrolls of identify {@r1}
 R - 3 scrolls of silence {unknown}
Potions
 a - a potion of heal wounds {@q2}
 b - 5 potions of mutation {!q}
 d - 5 potions of might
 i - 3 potions of cancellation {unknown}
 l - a potion of attraction {unknown}
 m - 3 potions of lignification {unknown}
 t - 2 potions of haste {unknown}
 A - a potion of brilliance {unknown}
 F - a potion of invisibility {unknown}
 I - 2 potions of magic {unknown}
 N - a potion of enlightenment {unknown}
 Q - a potion of berserk rage {unknown}


   Skills:
 + Level 11.2 Fighting
 * Level 14.4 Axes
 + Level 11.1 Armour
 + Level 1.8 Dodging
 + Level 11.1 Shields
 + Level 1.6 Invocations


You had 10 spell levels left.
You didn't know any spells.
Your spell library contained the following spells:

 Spells                   Type           Power      Damage    Failure   Level
 Apportation              Tloc           0%         N/A       100%        1
 Magic Dart               Conj           0%         1d3       100%        1
 Necrotise                Necr           0%         1d4       100%        1
 Sting                    Conj/Alch      0%         1d3       100%        1
 Ensorcelled Hibernation  Hex/Ice        0%         N/A       100%        2
 Fugue of the Fallen      Necr           0%         N/A       100%        3
 Inner Flame              Hex/Fire       0%         N/A       100%        3
 Mephitic Cloud           Conj/Alch/Air  0%         N/A       100%        3
 Ozocubu's Armour         Ice            0%         N/A       100%        3
 Portal Projectile        Hex/Tloc       0%         N/A       100%        3
 Vampiric Draining        Necr           0%         2d6       100%        3
 Anguish                  Hex/Necr       0%         N/A       100%        4
 Leda's Liquefaction      Alch/Erth      0%         N/A       100%        4
 Curse of Agony           Necr           0%         N/A       100%        5
 Irradiate                Conj/Alch      0%         3d11      100%        5
 Metabolic Englaciation   Hex/Ice        0%         N/A       100%        5
 Ignition                 Fire           0%         3d3       100%        8
 Summon Small Mammal      Summ           Unusable   N/A       N/A         1
 Call Imp                 Summ           Unusable   N/A       N/A         2
 Call Canine Familiar     Summ           Unusable   N/A       N/A         3
 Sculpt Simulacrum        Ice/Alch       Unusable   N/A       N/A         6

Dungeon Overview and Level Annotations

Branches:
Dungeon (10/15)            Temple (0/1) D:4            Lair (1/5) D:10
  Sewer (visited)         Ossuary (visited)          Bailey (visited)
    Orc: D:9-12

Altars:
Cheibriados
Fedhas
Hepliaklqana
Makhleb
Nemelex Xobeh
Okawaru
Sif Muna
Trog
Uskayaw
Wu Jian
Xom
Yredelemnul
Zin
The Shining One

Shops:
D:1 *

Annotations:
D:2 exclusion: upstairs, Sigmund
D:4 1 runed translucent door, Crazy Yiuf


Innate Abilities, Weirdness & Mutations

You have a pair of horns on your head.
You reflexively headbutt those who attack you in melee.


Message History

You hit the boulder beetle. You freeze the boulder beetle.
The boulder beetle bites you!
You hit the boulder beetle. You freeze the boulder beetle.
You block the boulder beetle's attack.
You hit the boulder beetle but do no damage.
The boulder beetle barely misses you.
You hit the boulder beetle. You freeze the boulder beetle.
The boulder beetle barely misses you. You furiously retaliate!
You headbutt the boulder beetle.
You hit the boulder beetle but do no damage.
The boulder beetle leaps!
You block the boulder beetle's attack.
You slash the boulder beetle! You freeze the boulder beetle.
You headbutt the boulder beetle. The boulder beetle bites you!!
* * * LOW HITPOINT WARNING * * *
You are too injured to fight recklessly!
You are too injured to fight recklessly!
You are too injured to fight recklessly!
You hit the boulder beetle but do no damage.
The boulder beetle leaps!
The boulder beetle curls into a ball and begins rolling!
The boulder beetle hits you!!
* * * LOW HITPOINT WARNING * * *
The boulder beetle stops rolling and uncurls.
You slice the boulder beetle!! You freeze the boulder beetle.
You headbutt the boulder beetle, but do no damage.
You hit the plant.
The plant begins to die.
You freeze the plant. You barely miss the boulder beetle. You slash the plant!
You freeze the plant. The boulder beetle barely misses you.
You furiously retaliate!
You headbutt the boulder beetle!
You hit the boulder beetle but do no damage.
You headbutt the boulder beetle. You hit the plant. You freeze the plant.
You block the boulder beetle's attack.
You hit the boulder beetle. You freeze the boulder beetle.
You headbutt the boulder beetle, but do no damage.
You hit the plant. You freeze the plant.
A nearby plant withers and dies.
The boulder beetle bites you!
* * * LOW HITPOINT WARNING * * *
You hit the boulder beetle but do no damage.
You headbutt the boulder beetle, but do no damage.
The boulder beetle leaps!
The boulder beetle curls into a ball and begins rolling!
You feel much better. The boulder beetle hits you!
* * * LOW HITPOINT WARNING * * *
The boulder beetle stops rolling and uncurls.
You hit the boulder beetle but do no damage.
The boulder beetle leaps!
The boulder beetle curls into a ball and begins rolling!
The boulder beetle hits you!!
You die...

##....## ......
#..... #....##
#..... #....# #
#....# .# #...○##
###..#
#.....####@...#..
##.....°°○B.......#
#P.....######..#...
###...○# ..# .
#...B## ... #..°..#
.### #..°.## .
#....# #......##
###....# #...>...#


You could see a boulder beetle (rolling).

Vanquished Creatures
  Erica (D:9)
  A centaur warrior (D:10)
  4 two-headed ogres
  Amaemon (Lair:1)
  A flayed ghost (D:10)
  Pikel (D:7)
  2 orc knights (Bailey)
  A cane toad (Lair:1)
  An orange demon (Lair:1)
  A kobold demonologist (D:9)
  2 trolls (D:10)
  A hornet (D:8)
  5 wraiths (D:10)
  Eustachio (D:4)
  7 yaks
  4 fire bats (D:10)
  2 steam dragons
  Edmund (D:6)
  2 acid dragons
  Duvessa (D:6)
  11 orc warriors
  3 black bears
  2 ice beasts
  A sky beast (D:7)
  2 ogres
  A centaur (D:9)
  3 phantoms
  2 kobold brigands
  A weeping skull (Ossuary)
  3 bullfrogs
  A gnoll sergeant (D:10)
  Blork the orc (D:6)
  4 elf zombies (Ossuary)
  2 scorpions
  Dowan (D:6)
  6 killer bees (D:9)
  2 hounds
  A human zombie (Ossuary)
  6 orc priests
  Jessica (D:3)
  Terence (D:2)
  2 iguanas
  Ijyb (D:4)
  3 orc wizards
  A killer bee zombie (Ossuary)
  5 hound zombies (Ossuary)
  3 mummies (Ossuary)
  12 gnolls
  13 adders
  A white imp (D:6)
  An ufetubus (D:4)
  5 adder zombies (Ossuary)
  3 ribbon worms
  3 dart slugs
  50 orcs
  13 ball pythons
  12 bats
  11 endoplasms
  13 giant cockroaches
  A gnoll zombie (Ossuary)
  10 goblins
  8 hobgoblins
  3 jackals (D:2)
  8 quokkas
  9 ball python zombies (Ossuary)
  13 frilled lizards
  19 kobolds
  3 kobold zombies (Ossuary)
  An orc zombie (Ossuary)
  3 rats
325 creatures vanquished.

Vanquished Creatures (collateral kills)
  Menkaure (D:5)
1 creature vanquished.

Vanquished Creatures (others)
  An orc wizard (D:4)
1 creature vanquished.

Grand Total: 327 creatures vanquished

Notes
Turn   | Place    | Note
-------+----------+-------------------------------------------
     0 | D:1      | krystol the Minotaur Fighter began the quest for the Orb.
     0 | D:1      | Reached XP level 1. HP: 19/19 MP: 0/0
    71 | D:1      | Found Poryloq's Assorted Antiques.
    86 | D:1      | Reached XP level 2. HP: 27/27 MP: 1/1
    86 | D:1      | Upgraded the game from 0.30-a0-1113-ga8025317a9 to
                  | 0.31-a0-692-gf03d1854d5
   298 | D:1      | Reached skill level 3 in Axes
   311 | D:1      | Reached XP level 3. HP: 33/33 MP: 2/2
   961 | D:2      | Noticed Terence
   980 | D:2      | Killed Terence
   981 | D:2      | Reached XP level 4. HP: 37/41 MP: 3/3
  1029 | D:2      | Found a shimmering altar of Xom.
  1057 | D:2      | Noticed Sigmund
  1274 | D:2      | Reached XP level 5. HP: 35/47 MP: 4/4
  1522 | D:2      | Found a faded altar of an unknown god.
  1543 | D:1      | Bought a lumpy purple potion for 16 gold pieces
  1543 | D:1      | Bought a scroll labelled FOBACL FUWITHRUR for 18 gold
                  | pieces
  1633 | D:3      | Noticed a phantom
  1649 | D:3      | Killed a phantom
  1650 | D:3      | Reached skill level 5 in Fighting
  1650 | D:3      | Reached skill level 4 in Axes
  1650 | D:3      | Reached skill level 5 in Armour
  1650 | D:3      | Reached skill level 5 in Shields
  1847 | D:3      | Reached XP level 6. HP: 21/56 MP: 5/5
  2136 | D:3      | Noticed Jessica
  2140 | D:3      | Killed Jessica
  2635 | D:4      | Found a staircase to the Ecumenical Temple.
  2864 | D:4      | Reached skill level 5 in Axes
  2889 | D:4      | Found a runed translucent door.
  2890 | D:4      | Noticed Crazy Yiuf
  2952 | D:4      | Found a glowing drain.
  2952 | D:4      | Noticed Eustachio
  2962 | D:4      | Killed Eustachio
  2963 | D:4      | Reached XP level 7. HP: 30/62 MP: 6/6
  2986 | Sewer    | Entered a sewer
  3334 | Sewer    | Reached skill level 6 in Axes
  3546 | D:4      | Noticed Ijyb
  3558 | D:4      | Killed Ijyb
  3806 | D:5      | Entered Level 5 of the Dungeon
  3853 | D:5      | Reached XP level 8. HP: 71/71 MP: 7/7
  3856 | D:5      | Upgraded the game from 0.31-a0-692-gf03d1854d5 to
                  | 0.32-a0-377-g951292165a
  3915 | D:5      | Reached skill level 7 in Axes
  4200 | D:5      | Found a hide-covered altar of Uskayaw.
  4204 | D:5      | Found a snail-covered altar of Cheibriados.
  4212 | D:5      | Reached skill level 8 in Axes
  4314 | D:5      | Noticed Menkaure
  4320 | D:5      | Killed Menkaure
  4476 | D:5      | Found a faded altar of an unknown god.
  4476 | D:5      | Found a hazy altar of Hepliaklqana.
  4491 | D:5      | Found an iron altar of Okawaru.
  4493 | D:5      | Found a faded altar of an unknown god.
  4495 | D:5      | Found a shimmering blue altar of Sif Muna.
  4498 | D:5      | Became a worshipper of Warmaster Okawaru
  4733 | D:6      | Noticed Duvessa
  4733 | D:6      | Noticed Dowan
  4740 | D:6      | Killed Duvessa
  4740 | D:6      | Killed Dowan
  4775 | D:6      | Identified the ring "Aruumexi" {Fire rPois}
  4922 | D:6      | Reached XP level 9. HP: 67/79 MP: 8/8
  4925 | D:6      | Reached * piety under Okawaru
  4962 | D:6      | Noticed Blork the orc
  4967 | D:6      | Killed Blork the orc
  4968 | D:6      | Reached skill level 9 in Axes
  5195 | D:6      | Noticed Edmund
  5202 | D:6      | Killed Edmund
  5332 | D:6      | Found a burning altar of Makhleb.
  5531 | D:7      | Found a sand-covered staircase.
  5593 | Ossuary  | Entered an ossuary
  5693 | Ossuary  | Reached ** piety under Okawaru
  5862 | Ossuary  | Reached skill level 10 in Axes
  6022 | D:7      | Found an ornate altar of the Wu Jian Council.
  6025 | D:7      | Found a bloodstained altar of Trog.
  6025 | D:7      | Found a glowing golden altar of the Shining One.
  6188 | D:7      | Found a basalt altar of Yredelemnul.
  6190 | D:7      | Found a blossoming altar of Fedhas.
  6490 | D:7      | Noticed Pikel
  6498 | D:7      | Killed Pikel
  6603 | D:7      | Reached XP level 10. HP: 84/90 MP: 9/9
  6793 | D:8      | Reached skill level 11 in Axes
  6809 | D:8      | Reached *** piety under Okawaru
  6904 | D:8      | Found a sparkling altar of Nemelex Xobeh.
  7089 | D:8      | Found a flagged portal.
  7099 | Bailey   | Entered a bailey
  7396 | Bailey   | Noticed an orc knight
  7396 | Bailey   | Noticed an orc knight
  7527 | Bailey   | Killed an orc knight
  7527 | Bailey   | Reached **** piety under Okawaru
  7653 | Bailey   | Reached skill level 12 in Axes
  7670 | Bailey   | Killed an orc knight
  8096 | D:9      | Noticed a two-headed ogre
  8109 | D:9      | Killed a two-headed ogre
  8139 | D:9      | Reached skill level 10 in Fighting
  8203 | D:9      | Reached skill level 10 in Shields
  8203 | D:9      | Reached XP level 11. HP: 98/99 MP: 10/10
  8212 | D:9      | Noticed a two-headed ogre
  8221 | D:9      | Killed a two-headed ogre
  8221 | D:9      | Reached ***** piety under Okawaru
  8222 | D:9      | Reached skill level 10 in Armour
  8389 | D:9      | Reached skill level 13 in Axes
  8414 | D:9      | Noticed a two-headed ogre
  8423 | D:9      | Killed a two-headed ogre
  8594 | D:9      | Found a glowing silver altar of Zin.
  8696 | D:9      | Noticed Erica
  8713 | D:9      | Killed Erica
  8887 | D:10     | Entered Level 10 of the Dungeon
  9011 | D:10     | Found a staircase to the Lair.
  9247 | D:10     | Noticed a centaur warrior
  9265 | D:10     | Killed a centaur warrior
  9265 | D:10     | Received a gift from Okawaru
  9433 | D:10     | Noticed a two-headed ogre
  9444 | D:10     | Killed a two-headed ogre
  9457 | D:10     | Found a burning altar of Makhleb.
  9535 | D:10     | Reached skill level 14 in Axes
  9717 | D:10     | Found a blossoming altar of Fedhas.
  9729 | D:10     | Found a runed translucent door.
  9745 | D:10     | Noticed a flayed ghost
  9750 | D:10     | Found a bloodstained altar of Trog.
  9754 | D:10     | Found a shimmering blue altar of Sif Muna.
  9785 | D:10     | Found a glowing silver altar of Zin.
  9859 | D:10     | Killed a flayed ghost
  9860 | D:10     | Reached skill level 1 in Dodging
  9860 | D:10     | Reached skill level 1 in Invocations
  9863 | D:10     | Identified the staff "Giantbane" {rC+ Int+3 Ice}
  9925 | D:10     | Received a gift from Okawaru
  9947 | D:10     | Found a blossoming altar of Fedhas.
 10044 | Lair:1   | Entered Level 1 of the Lair of Beasts
 10055 | Lair:1   | Noticed Amaemon
 10081 | Lair:1   | Killed Amaemon
 10085 | Lair:1   | HP: 5/102 [poisoned by orange demon (concentrated venom)]
 10483 | Lair:1   | Noticed a boulder beetle
 10516 | Lair:1   | Mangled by a boulder beetle

Illustrated notes

Levels and vault maps discovered:
D:1:      spicycebolla_green_bress_n_ham_2, layout_basic, serial_shops,
          nicolae_shop_stone, minmay_indecisive_spiral
D:2:      layout_loops_ring, chequers_ecumenical_altar_island, basic_altar,
          uniq_sigmund, uniq_terence
D:3:      layout_basic, supply_closet_lemuel, nicolae_eternal_life, uniq_jessica
D:4:      layout_loops_ring, minmay_temple_entry_butterflies,
          cheibrodos_sewer_entry_bend, uniq_crazy_yiuf_cottage, uniq_ijyb,
          uniq_eustachio
D:5:      layout_loops_ring, grunt_temple_overflow_open,
          chequers_temple_overflow_minitemple, nicolae_nh_ransacked_shop,
          uniq_menkaure
D:6:      layout_loops_cross, lightli_temple_of_fire, minmay_statues_item,
          uniq_blork_the_orc, uniq_duvessa, uniq_edmund
D:7:      cheibrodos_quashed, layout_gridville, nicolae_overflow_hidden_temple,
          mainiacjoe_ossuary_entry_dusty_tomb, uniq_pikel
D:8:      layout_cave_pools, overflow_temple_1_default, enter_bailey_3
D:9:      layout_cave_pools, general_overflow_altar, uniq_erica
D:10:     due_megacathedral, layout_stronghold, lair_entry_dummy
Lair:1:   gammafunk_cloud_chamber, layout_gridlike,
          hellmonk_ghost_happy_afterlife, cheibrodos_lair_caveside_slide,
          chequers_serial_rivers_micro_a, uniq_amaemon, uniq_prince_ribbit2,
          uniq_nergalle

Skill      XL: |  1  2  3  4  5  6  7  8  9 10 11 |
---------------+----------------------------------+-----
Fighting       | 4 5 6 7 8 10 11 | 11.2
Armour         | 4 5 6 7 8 9 11 | 11.1
Shields        | 4 5 6 7 8 10 11 | 11.1
Axes           | 3 4 5 6 8 10 12 14 | 14.4
Dodging        | 1 |  1.8
Invocations    | 1 |  1.6

Action                     |  1- 3 |  4- 6 |  7- 9 | 10-12 || total
---------------------------+-------+-------+-------+-------++-------
  Melee: War axe           |    64 |    27 |       |    39 ||   130
         Headbutt          |     7 |    15 |    72 |    88 ||   182
         Hand axe          |       |    98 |   372 |   366 ||   836
  Throw: Dart              |       |       |     2 |     6 ||     8
 Invoke: Heroism           |       |       |       |     2 ||     2
         Finesse           |       |       |       |     1 ||     1
    Use: Scroll            |       |     4 |     8 |     2 ||    14
         Potion            |       |       |       |     5 ||     5
 Armour: Scale mail        |    42 |    26 |       |       ||    68
         Plate armour      |       |    56 |   209 |   247 ||   512
  Dodge: Dodged            |    30 |    34 |    64 |    80 ||   208
  Block: Buckler           |    16 |    23 |    74 |    19 ||   132
         Kite shield       |       |       |       |   220 ||   220

Table legend: (Time is in decaauts)
 A = Elapsed time spent in this place.
 B = Non-inter-level travel time spent in this place.
 C = Inter-level travel time spent in this place.
 D = Time resting spent in this place.
 E = Time spent auto-exploring this place.
 F = Levels seen in this place.
 G = Mean time per level.
                   A        B        C        D        E       F      G
               +--------+--------+--------+--------+--------+-----+--------+
         Total |  10519 |  10039 |    480 |   1022 |   5826 |  14 |  751.4 |
       Dungeon |   8757 |   8277 |    480 |    680 |   5147 |  10 |  875.7 |
          Lair |    261 |    261 |      0 |      3 |    147 |   1 |  261.0 |
         Sewer |    520 |    520 |      0 |    193 |    126 |   1 |  520.0 |
       Ossuary |    308 |    308 |      0 |      0 |    147 |   1 |  308.0 |
        Bailey |    670 |    670 |      0 |    145 |    259 |   1 |  670.0 |
               +--------+--------+--------+--------+--------+-----+--------+

Top non-repeatable levels by time:
    D:10: 1336 daAuts
     D:3: 1023 daAuts
     D:7: 941 daAuts
     D:1: 933 daAuts
     D:5: 925 daAuts
     D:9: 845 daAuts
     D:4: 785 daAuts
     D:6: 751 daAuts
  Bailey: 670 daAuts
     D:2: 669 daAuts
     D:8: 545 daAuts
   Sewer: 520 daAuts
 Ossuary: 308 daAuts
  Lair:1: 261 daAuts
